 Dungeon Crawl Stone Soup version 0.19-a0-1170-g18f0c96 (webtiles) character file.

92 jacquesderrida the Skirmisher (level 4, 6/44 HPs)
             Began as a Minotaur Wanderer on Aug 17, 2016.
             Quit the game on level 3 of the Dungeon.
             The game lasted 00:03:07 (460 turns).

jacquesderrida the Skirmisher (Minotaur Wanderer)    Turns: 460, Time: 00:03:07

Health: 6/44       AC:  2    Str: 14    XL:     4   Next: 35%
Magic:  3/3        EV: 11    Int: 12    God:
Gold:   33         SH:  0    Dex: 10    Spells: 0 memorised, 3 levels left

rFire  . . .     SeeInvis .     a - +2 mace
rCold  . . .     Gourm    .     f - +0 robe
rNeg   . . .     Faith    .     (no shield)
rPois  .         Spirit   .     (helmet restricted)
rElec  .         Dismiss  .     (no cloak)
rCorr  .         Reflect  .     (no gloves)
MR     .....     Harm     .     (no boots)
Stlth  +.........               (no amulet)
                                (no ring)
                                (no ring)

@: slowed, very slow
A: retaliatory headbutt, horns 2
a: no special abilities


You were on level 3 of the Dungeon.
You were not hungry.

You visited 1 branch of the dungeon, and saw 3 of its levels.

You collected 33 gold pieces.

Inventory:

Hand Weapons
 a - a +2 mace (weapon)
 b - a +0 blowgun
 h - a +3 whip
Missiles
 d - 11 poisoned needles
Armour
 f - a +0 robe (worn)
Scrolls
 e - a scroll of teleportation {unknown}
 i - a scroll of identify {unknown}
Comestibles
 c - a chunk of flesh
 g - a bread ration


   Skills:
 - Level 6.0 Fighting
 + Level 5.6 Maces & Flails
 - Level 1.0 Throwing
 - Level 1.2 Armour
   Level 1.2 Shields


You had 3 spell levels left.
You didn't know any spells.

Dungeon Overview and Level Annotations

Branches:
Dungeon (3/15)

Altars:
Nemelex Xobeh
Okawaru
Trog

Annotations:
D:3 Grinder


Innate Abilities, Weirdness & Mutations

You reflexively headbutt those who attack you in melee.
You have a pair of horns on your head.


Message History

Found a scroll labeled BAKOGA YSYNAD.
You see here the felid corpse of Natasha.
A worm comes into view.
You see here a scroll labeled BAKOGA YSYNAD.
i - a scroll labeled BAKOGA YSYNAD Grinder comes into view.
Grinder shouts!
Grinder gestures at you.
You suddenly lose the ability to move!
You can move again.
Unknown command.
Grinder says, "What is the universe for?"
Grinder gestures at you. Pain shoots through your body!
* * * LOW HITPOINT WARNING * * *
Unknown command.
You aren't carrying any potions.
You aren't carrying any items that you can evoke.
Unknown command.
Are you sure you want to abandon this character and quit the game? (Confirm with "yes".)

#### ### ######... ..#
.......<# #.# .......#
#.#
.......#####.#######
#.......w.......
#.†#####5######
.#####..# #.########
........# #.@.......
..#####..##############
................
######..####### #..#
#..###### #..##...#
#..##...#####
#.>..........


You could see Grinder and a worm.

Vanquished Creatures
  An orc priest (D:3)
  Natasha (D:3)
  2 adders (D:2)
  An ooze (D:2)
  A dart slug (D:3)
  3 orcs (D:3)
  A giant cockroach (D:2)
  2 hobgoblins (D:2)
  2 kobolds
  A giant newt (D:2)
  A rat (D:2)
16 creatures vanquished.

Notes
Turn   | Place    | Note
-------+----------+-------------------------------------------
     0 | D:1      | jacquesderrida the Minotaur Wanderer began the quest for the Orb.
     0 | D:1      | jacquesderrida set off with: a +2 mace, a +0 hand crossbow, 30 bolts, 11 poisoned needles, a +0 blowgun, a +0 robe, a bread ration
     0 | D:1      | Reached XP level 1. HP: 24/24 MP: 0/0
    78 | D:2      | Reached XP level 2. HP: 11/30 MP: 1/1
   216 | D:2      | Found a bloodstained altar of Trog.
   249 | D:2      | Found an iron altar of Okawaru.
   301 | D:2      | Reached XP level 3. HP: 13/37 MP: 2/2
   402 | D:3      | Reached skill level 5 in Maces & Flails
   402 | D:3      | Reached XP level 4. HP: 12/44 MP: 3/3
   411 | D:3      | Found a sparkling altar of Nemelex Xobeh.
   440 | D:3      | Noticed Natasha
   446 | D:3      | Killed Natasha
   454 | D:3      | Noticed Grinder
   454 | D:3      | Paralysed by Grinder for 4 turns
   460 | D:3      | Quit the game

Vault maps used:
D:1:      minmay_arrival_diagonal_passages
D:2:      minitemple, minmay_lizard_king, uniq_robin, uniq_crazy_yiuf_cottage
D:3:      nemelex_altar_shiori, uniq_natasha, uniq_grinder

Skill      XL: |  1  2  3 |
---------------+----------+-----
Maces & Flails | 3 4 5 |  5.6
Fighting       | |  6.0
Throwing       | |  1.0
Armour         | |  1.2
Shields        | |  1.2

Action                   |  1- 3 |  4- 6 || total
-------------------------+-------+-------++-------
Melee: Mace              |    33 |     2 ||    35
       Headbutt          |     4 |       ||     4
 Fire: Blowgun           |     4 |       ||     4
  Use: Potion            |     2 |       ||     2
Armor: Robe              |     7 |       ||     7
Dodge: Dodged            |    14 |     1 ||    15
